TOP OF THE 1ST |
Pittsburgh Pirates batting - Pitching for Chicago White Sox : RHP Freddy Peralta
|
Pitching: RHP Freddy Peralta
|
|
Batting: LHB Jose Gomez
|
0-0: Foul Ball, location: 2F 0-1: Ground out 4-3 (Groundball, 4, EV 90.6 MPH)
|
Batting: SHB Tug Whitaker
|
0-0: Called Strike 0-1: Ball 1-1: Ball 2-1: Foul Ball, location: 9LMF 2-2: Strikes out swinging
|
Batting: RHB Jon Hawkins
|
0-0: Hit by Pitch
|
Batting: LHB Eddy Nicastro
|
0-0: Foul Ball, location: 2F 0-1: Swinging Strike 0-2: Ball 1-2: SINGLE (Line Drive, 4D, EV 105.0 MPH) Jon Hawkins to second
|
Batting: RHB Sal Stewart
|
0-0: Called Strike 0-1: Foul Ball, location: 7LMF 0-2: Ball 1-2: Strikes out swinging
|
Top of the 1st over - 0 runs, 1 hit, 0 errors, 2 left on base; Pittsburgh 0 - Chicago 0 |
BOTTOM OF THE 1ST |
Chicago White Sox batting - Pitching for Pittsburgh Pirates : RHP Chris Godbee
|
Pitching: RHP Chris Godbee
|
|
Batting: RHB Vaun Brown
|
0-0: Ball 1-0: DOUBLE (Line Drive, 7LM, EV 100.6 MPH)
|
Batting: RHB Bryce Rainer
|
0-0: Ball 1-0: Ball 2-0: Ground out 1-3 (Groundball, 13S, EV 63.8 MPH)
|
Batting: RHB Steve Willis
|
0-0: Ball 1-0: Foul Ball, location: 2F 1-1: Swinging Strike 1-2: Ball 2-2: Strikes out looking
|
Batting: LHB Christopher Espinola
|
0-0: Called Strike 0-1: Fly out, F6 (Popup, 6D, EV 42.5 MPH)
|
Bottom of the 1st over - 0 runs, 1 hit, 0 errors, 1 left on base; Pittsburgh 0 - Chicago 0 |
TOP OF THE 2ND |
Pittsburgh Pirates batting - Pitching for Chicago White Sox : RHP Freddy Peralta
|
Batting: RHB Dub Gleed
|
0-0: Foul Ball, location: 3DF 0-1: Swinging Strike 0-2: Strikes out looking
|
Batting: RHB Mac Horvath
|
0-0: Called Strike 0-1: Foul Ball, location: 3SF 0-2: Ball 1-2: Foul Ball, location: 9LSF 1-2: Ball 2-2: Strikes out swinging
|
Batting: SHB Jarrod Calpin
|
0-0: Ball 1-0: Called Strike 1-1: SINGLE (Flyball, 3D, EV 93.8 MPH)
|
Batting: RHB Charlie Boyd
|
0-0: Reached on error, E9 (Flyball, 9, EV 85.6 MPH) Jarrod Calpin to third
|
Batting: LHB Jose Gomez
|
0-0: Ball Balk! Jarrod Calpin scores Charlie Boyd to third 1-0: Ground out 5-3 (Groundball, 56, EV 100.6 MPH)
|
Top of the 2nd over - 1 run, 1 hit, 1 error, 1 left on base; Pittsburgh 1 - Chicago 0 |
BOTTOM OF THE 2ND |
Chicago White Sox batting - Pitching for Pittsburgh Pirates : RHP Chris Godbee
|
Batting: LHB Kyle Manzardo
|
0-0: Ball 1-0: Called Strike 1-1: Fly out, F4 (Popup, 34, EV 56.9 MPH)
|
Batting: RHB Leonardo Balcazar
|
0-0: Ball 1-0: Called Strike 1-1: Foul Ball, location: 2F 1-2: Ball 2-2: Ball 3-2: Foul Ball, location: 3F 3-2: Base on Balls
|
Batting: LHB Max Belyeu
|
0-0: Swinging Strike 0-1: DOUBLE (Flyball, 8LXD, EV 106.9 MPH) Leonardo Balcazar to third
|
Batting: RHB Jorge Maldonado
|
0-0: Ball 1-0: Called Strike 1-1: Ball 2-1: Foul Ball, location: 2F 2-2: Foul Ball, location: 2F 2-2: SINGLE (Line Drive, 34D, EV 99.4 MPH) Leonardo Balcazar scores Max Belyeu to third
|
Batting: SHB Daniel Susac
|
0-0: Ball 1-0: Called Strike 1-1: Swinging Strike 1-2: Ball 2-2: Fly out, F9 (Flyball, 9D, EV 101.3 MPH) Runner from 3rd tags up, SCORES, no throw by RF
|
Batting: RHB Vaun Brown
|
0-0: SINGLE (Groundball, 4MD, EV 105.6 MPH) Jorge Maldonado to second Runner from 2nd tries for 3rd, SAFE, throw by CF made to third Vaun Brown to second
|
Batting: RHB Bryce Rainer
|
0-0: Fly out, F8 (Line Drive, 8RS, EV 83.1 MPH)
|
Bottom of the 2nd over - 2 runs, 3 hits, 0 errors, 2 left on base; Pittsburgh 1 - Chicago 2 |
TOP OF THE 3RD |
Pittsburgh Pirates batting - Pitching for Chicago White Sox : RHP Freddy Peralta
|
Batting: SHB Tug Whitaker
|
0-0: Called Strike 0-1: Swinging Strike 0-2: Foul Ball, location: 2F 0-2: Foul Ball, location: 7LSF 0-2: Foul Ball, location: 2F 0-2: Ball 1-2: Fly out, F8 (Flyball, 8LM, EV 90.0 MPH)
|
Batting: RHB Jon Hawkins
|
0-0: DOUBLE (Line Drive, 7LS, EV 101.3 MPH)
|
Batting: LHB Eddy Nicastro
|
0-0: Ball 1-0: Ball 2-0: Ball 3-0: Called Strike 3-1: Foul Ball, location: 2F 3-2: Ground out U3 (Groundball, 3, EV 107.5 MPH) Jon Hawkins to third
|
Batting: RHB Sal Stewart
|
0-0: Ball 1-0: Foul Ball, location: 7LMFF 1-1: Ground out 6-3 (Groundball, 6, EV 78.8 MPH)
|
Top of the 3rd over - 0 runs, 1 hit, 0 errors, 1 left on base; Pittsburgh 1 - Chicago 2 |
BOTTOM OF THE 3RD |
Chicago White Sox batting - Pitching for Pittsburgh Pirates : RHP Chris Godbee
|
Batting: RHB Steve Willis
|
0-0: Ball 1-0: Ball 2-0: Ball 3-0: Base on Balls
|
Batting: LHB Christopher Espinola
|
0-0: Called Strike 0-1: Ball 1-1: Foul Ball, location: 3FF 1-2: SINGLE (Line Drive, 78M, EV 86.3 MPH) Steve Willis to second
|
Batting: LHB Kyle Manzardo
|
0-0: Called Strike 0-1: Ball 1-1: Ball 2-1: Ball 3-1: Base on Balls Steve Willis to third Christopher Espinola to second
|
Batting: RHB Leonardo Balcazar
|
0-0: Fielders Choice at 2nd, 4-6 (Groundball, 4, EV 80.6 MPH) Steve Willis scores Christopher Espinola to third
|
Batting: LHB Max Belyeu
|
0-0: Ball 1-0: SINGLE (Line Drive, 9S, EV 93.8 MPH) Christopher Espinola scores Leonardo Balcazar to second
|
Batting: RHB Jorge Maldonado
|
0-0: Called Strike 0-1: Foul Ball, location: 3SF 0-2: Strikes out swinging
|
Batting: SHB Daniel Susac
|
0-0: Foul Ball, location: 3FF 0-1: Foul Ball, location: 7LDF 0-2: Ball Passed Ball! Leonardo Balcazar to third Max Belyeu to second 1-2: Strikes out swinging
|
Bottom of the 3rd over - 2 runs, 2 hits, 0 errors, 2 left on base; Pittsburgh 1 - Chicago 4 |
TOP OF THE 4TH |
Pittsburgh Pirates batting - Pitching for Chicago White Sox : RHP Freddy Peralta
|
Batting: RHB Dub Gleed
|
0-0: Ball 1-0: Foul Ball, location: 23FF 1-1: Called Strike 1-2: Ball 2-2: Fly out, F3 (Popup, 34, EV 65.0 MPH)
|
Batting: RHB Mac Horvath
|
0-0: Fly out, F9 (Flyball, 9, EV 89.4 MPH)
|
Batting: SHB Jarrod Calpin
|
0-0: Ground out U3 (Groundball, 13, EV 80.0 MPH)
|
Top of the 4th over - 0 runs, 0 hits, 0 errors, 0 left on base; Pittsburgh 1 - Chicago 4 |
BOTTOM OF THE 4TH |
Chicago White Sox batting - Pitching for Pittsburgh Pirates : RHP Chris Godbee
|
Batting: RHB Vaun Brown
|
0-0: Ball 1-0: Swinging Strike 1-1: SOLO HOME RUN (Flyball, 7LD, EV 95.0 MPH), Distance : 365 ft
|
Pitching: LHP Chris Arroyo
|
|
Batting: RHB Bryce Rainer
|
0-0: Ball 1-0: Called Strike 1-1: Foul Ball, location: 5FF 1-2: Ball 2-2: Foul Ball, location: 2F 2-2: Strikes out looking
|
Batting: RHB Steve Willis
|
0-0: Ball 1-0: Ball 2-0: Called Strike 2-1: Foul Ball, location: 3FF 2-2: Ball 3-2: Base on Balls
|
Batting: LHB Christopher Espinola
|
0-0: Ball 1-0: Called Strike 1-1: Ball 2-1: Foul Ball, location: 5F 2-2: Foul Ball, location: 7LSF 2-2: Fly out, F9 (Line Drive, 9S, EV 90.0 MPH)
|
Batting: LHB Kyle Manzardo
|
0-0: Ball 1-0: Ball 2-0: Called Strike 2-1: Ball 3-1: Foul Ball, location: 2F 3-2: Base on Balls Steve Willis to second
|
Batting: RHB Leonardo Balcazar
|
0-0: Ball 1-0: Swinging Strike 1-1: Fielders Choice at 3rd, U5 (Groundball, 5, EV 83.1 MPH)
|
Bottom of the 4th over - 1 run, 1 hit, 0 errors, 1 left on base; Pittsburgh 1 - Chicago 5 |
TOP OF THE 5TH |
Pittsburgh Pirates batting - Pitching for Chicago White Sox : RHP Freddy Peralta
|
Batting: RHB Charlie Boyd
|
0-0: Ball 1-0: Foul Ball, location: 9LSF 1-1: Ball 2-1: Ground out 4-3 (Groundball, 4MS, EV 81.9 MPH)
|
Batting: LHB Jose Gomez
|
0-0: Called Strike 0-1: Called Strike 0-2: Ball 1-2: Foul Ball, location: 5F 1-2: Ball 2-2: Ball 3-2: Foul Ball, location: 3SF 3-2: Base on Balls
|
Batting: SHB Tug Whitaker
|
0-0: Ball Jose Gomez is caught stealing 2nd base 2-6 1-0: Called Strike 1-1: Foul Ball, location: 3SF 1-2: Ball 2-2: Ball 3-2: Ground out 6-3 (Groundball, 6, EV 93.8 MPH)
|
Top of the 5th over - 0 runs, 0 hits, 0 errors, 0 left on base; Pittsburgh 1 - Chicago 5 |
BOTTOM OF THE 5TH |
Chicago White Sox batting - Pitching for Pittsburgh Pirates : LHP Chris Arroyo
|
Batting: LHB Max Belyeu
|
0-0: SINGLE (Flyball, 89S, EV 94.4 MPH)
|
Batting: RHB Jorge Maldonado
|
0-0: Ball 1-0: Ball 2-0: Foul Ball, location: 25F 2-1: Foul Ball, location: 2F 2-2: Fly out, F9 (Flyball, 89D, EV 96.3 MPH)
|
Batting: SHB Daniel Susac
|
0-0: Called Strike 0-1: Ball 1-1: Ball 2-1: DOUBLE (Flyball, 78XD, EV 92.5 MPH) Max Belyeu to third
|
Batting: RHB Vaun Brown
|
0-0: Ball 1-0: Called Strike 1-1: Called Strike 1-2: Foul Ball, location: 2F 1-2: Strikes out swinging
|
Batting: RHB Bryce Rainer
|
0-0: Ball 1-0: Called Strike 1-1: Foul Ball, location: 9LDF 1-2: Foul Ball, location: 9LMF 1-2: Foul Ball, location: 2F 1-2: Ball 2-2: Ball 3-2: Fly out, F8 (Line Drive, 8RM, EV 85.0 MPH)
|
Bottom of the 5th over - 0 runs, 2 hits, 0 errors, 2 left on base; Pittsburgh 1 - Chicago 5 |
TOP OF THE 6TH |
Pittsburgh Pirates batting - Pitching for Chicago White Sox : RHP Freddy Peralta
|
Batting: RHB Jon Hawkins
|
0-0: Called Strike 0-1: Ball 1-1: Foul Ball, location: 2F 1-2: SINGLE (Line Drive, 89S, EV 94.4 MPH)
|
Batting: LHB Eddy Nicastro
|
0-0: Ball 1-0: Called Strike 1-1: Foul Ball, location: 7LMFF 1-2: Strikes out swinging
|
Batting: RHB Sal Stewart
|
0-0: Called Strike 0-1: Ball 1-1: Ball 2-1: Ball 3-1: Fly out, F7 (Flyball, 78D, EV 83.1 MPH)
|
Batting: RHB Dub Gleed
|
0-0: Hit by Pitch Jon Hawkins to second
|
Batting: RHB Mac Horvath
|
0-0: Ball 1-0: Foul Ball, location: 2F 1-1: Ball 2-1: Ball 3-1: Base on Balls Jon Hawkins to third Dub Gleed to second
|
Pitching: RHP Freddy Pacheco
|
|
Batting: SHB Jarrod Calpin
|
0-0: Swinging Strike 0-1: Swinging Strike 0-2: GRAND SLAM HOME RUN (Flyball, 89XD, EV 98.1 MPH), Distance : 384 ft
|
Batting: RHB Charlie Boyd
|
0-0: Ball 1-0: Ball 2-0: Foul Ball, location: 2LF 2-1: Swinging Strike 2-2: Ground out 6-3 (Groundball, 6, EV 83.1 MPH)
|
Top of the 6th over - 4 runs, 2 hits, 0 errors, 0 left on base; Pittsburgh 5 - Chicago 5 |
BOTTOM OF THE 6TH |
Chicago White Sox batting - Pitching for Pittsburgh Pirates : LHP Chris Arroyo
|
Batting: RHB Steve Willis
|
0-0: Foul Ball, location: 5SF 0-1: Ball 1-1: Fly out, F8 (Flyball, 8LD, EV 105.0 MPH)
|
Pitching: RHP Alessandro Ercolani
|
|
Batting: LHB Christopher Espinola
|
0-0: Foul Ball, location: 2F 0-1: Foul Ball, location: 7LSF 0-2: Ball 1-2: Ground out 4-3 (Groundball, 4, EV 86.3 MPH)
|
Batting: LHB Kyle Manzardo
|
0-0: Ball 1-0: Called Strike 1-1: Ball 2-1: Ball 3-1: Called Strike 3-2: Ground out 1-3 (Groundball, 13, EV 70.6 MPH)
|
Bottom of the 6th over - 0 runs, 0 hits, 0 errors, 0 left on base; Pittsburgh 5 - Chicago 5 |
TOP OF THE 7TH |
Pittsburgh Pirates batting - Pitching for Chicago White Sox : RHP Freddy Pacheco
|
Batting: LHB Jose Gomez
|
0-0: Foul Ball, location: 9LDF 0-1: Called Strike 0-2: Strikes out looking
|
Batting: SHB Tug Whitaker
|
0-0: Foul Ball, location: 3F 0-1: SINGLE (Line Drive, 7LM, EV 103.1 MPH)
|
Batting: RHB Jon Hawkins
|
0-0: DOUBLE (Line Drive, 9LS, EV 91.9 MPH) Tug Whitaker to third
|
Batting: LHB Eddy Nicastro
|
0-0: Intentional Walk
|
Batting: RHB Sal Stewart
|
0-0: Foul Ball, location: 2LF 0-1: Foul Ball, location: 2F 0-2: Ball 1-2: Strikes out swinging
|
Batting: RHB Dub Gleed
|
0-0: Ball 1-0: Swinging Strike 1-1: Ball 2-1: Called Strike 2-2: Strikes out swinging
|
Top of the 7th over - 0 runs, 2 hits, 0 errors, 3 left on base; Pittsburgh 5 - Chicago 5 |
BOTTOM OF THE 7TH |
Chicago White Sox batting - Pitching for Pittsburgh Pirates : RHP Alessandro Ercolani
|
Batting: RHB Leonardo Balcazar
|
0-0: Swinging Strike 0-1: Swinging Strike 0-2: Strikes out swinging
|
Batting: LHB Max Belyeu
|
0-0: Called Strike 0-1: Ball 1-1: Ball 2-1: Called Strike 2-2: Ball 3-2: Base on Balls
|
Batting: RHB Jorge Maldonado
|
0-0: Called Strike 0-1: Ball 1-1: Swinging Strike 1-2: Foul Ball, location: 2F 1-2: Hit by Pitch Max Belyeu to second
|
Batting: SHB Daniel Susac
|
0-0: Called Strike 0-1: Ball 1-1: Ball 2-1: Foul Ball, location: 2F 2-2: Ball 3-2: Foul Ball, location: 2F 3-2: Strikes out swinging
|
Pitching: RHP Santiago Suarez
|
|
Batting: RHB Vaun Brown
|
0-0: Foul Ball, location: 23F 0-1: Ball 1-1: Called Strike 1-2: Strikes out swinging
|
Bottom of the 7th over - 0 runs, 0 hits, 0 errors, 2 left on base; Pittsburgh 5 - Chicago 5 |
TOP OF THE 8TH |
Pittsburgh Pirates batting - Pitching for Chicago White Sox : RHP Freddy Pacheco
|
Batting: RHB Mac Horvath
|
0-0: Foul Ball, location: 9LDF 0-1: Foul Ball, location: 25F 0-2: Ball 1-2: Foul Ball, location: 2F 1-2: Ball 2-2: Fly out, F8 (Flyball, 8RXD, EV 87.5 MPH)
|
Batting: SHB Jarrod Calpin
|
0-0: Called Strike 0-1: Ball 1-1: Called Strike 1-2: Ball 2-2: Ball 3-2: Ground out U3 (Groundball, 34, EV 78.8 MPH)
|
Pitching: LHP Rogelio Flores
|
|
Batting: RHB Charlie Boyd
|
0-0: SINGLE (Line Drive, 89M, EV 91.3 MPH)
|
Batting: LHB Jose Gomez
|
0-0: Ball 1-0: Called Strike 1-1: Fly out, F7 (Flyball, 78S, EV 87.5 MPH)
|
Top of the 8th over - 0 runs, 1 hit, 0 errors, 1 left on base; Pittsburgh 5 - Chicago 5 |
BOTTOM OF THE 8TH |
Chicago White Sox batting - Pitching for Pittsburgh Pirates : RHP Santiago Suarez
|
Batting: RHB Bryce Rainer
|
0-0: Ball 1-0: Called Strike 1-1: Foul Ball, location: 5FF 1-2: Fly out, F9 (Flyball, 9, EV 90.6 MPH)
|
Batting: RHB Steve Willis
|
0-0: Fly out, F8 (Flyball, 8LXD, EV 88.1 MPH)
|
Batting: LHB Christopher Espinola
|
0-0: Ball 1-0: Fly out, F5 (Popup, 5SF, EV 81.9 MPH)
|
Bottom of the 8th over - 0 runs, 0 hits, 0 errors, 0 left on base; Pittsburgh 5 - Chicago 5 |
TOP OF THE 9TH |
Pittsburgh Pirates batting - Pitching for Chicago White Sox : LHP Rogelio Flores
|
Batting: SHB Tug Whitaker
|
0-0: Ball 1-0: Foul Ball, location: 3DF 1-1: Fly out, F9 (Flyball, 9, EV 80.6 MPH)
|
Batting: RHB Jon Hawkins
|
0-0: Ball 1-0: Called Strike 1-1: Ball 2-1: Ball 3-1: SINGLE (Groundball, 6MD, EV 94.4 MPH)
|
Batting: LHB Eddy Nicastro
|
0-0: Ball 1-0: Ball 2-0: Fly out, F8 (Flyball, 8LD, EV 100.6 MPH)
|
Batting: RHB Sal Stewart
|
0-0: Fly out, F8 (Flyball, 78M, EV 86.9 MPH)
|
Top of the 9th over - 0 runs, 1 hit, 0 errors, 1 left on base; Pittsburgh 5 - Chicago 5 |
BOTTOM OF THE 9TH |
Chicago White Sox batting - Pitching for Pittsburgh Pirates : RHP Santiago Suarez
|
Batting: LHB Kyle Manzardo
|
0-0: Called Strike 0-1: Called Strike 0-2: Foul Ball, location: 7LMF 0-2: Strikes out swinging
|
Batting: RHB Leonardo Balcazar
|
0-0: Foul Ball, location: 9LSF 0-1: Foul Ball, location: 3FF 0-2: Ground out 4-3 (Groundball, 4S, EV 67.5 MPH)
|
Batting: LHB Max Belyeu
|
0-0: Called Strike 0-1: Foul Ball, location: 2F 0-2: Strikes out swinging
|
Bottom of the 9th over - 0 runs, 0 hits, 0 errors, 0 left on base; Pittsburgh 5 - Chicago 5 |
TOP OF THE 10TH |
Pittsburgh Pirates batting - Pitching for Chicago White Sox : LHP Rogelio Flores
|
Pitching: RHP Matt Brash
|
|
Pinch Hitting: LHB Juan Fonseca
|
0-0: Ball 1-0: Swinging Strike 1-1: Foul Ball, location: 7LMF 1-2: Hit by Pitch
|
Pinch Runner at 1st Jose Contreras:
|
|
Batting: RHB Mac Horvath
|
0-0: Ball 1-0: Sac Bunt to 15 - play at second, runner OUT! 1-6
|
Batting: SHB Jarrod Calpin
|
0-0: DOUBLE (Line Drive, 89D, EV 110.0 MPH) Mac Horvath to third Runner from 3rd tries for Home, SAFE, no throw by CF
|
Batting: RHB Charlie Boyd
|
0-0: Fly out, F4 (Popup, 4MD, EV 55.6 MPH)
|
Batting: LHB Jose Gomez
|
0-0: Ball 1-0: Ball 2-0: Ball 3-0: Base on Balls
|
Batting: SHB Tug Whitaker
|
0-0: Ball 1-0: Ball 2-0: Called Strike 2-1: Called Strike 2-2: Foul Ball, location: 2F 2-2: Strikes out looking
|
Top of the 10th over - 1 run, 1 hit, 0 errors, 2 left on base; Pittsburgh 6 - Chicago 5 |
BOTTOM OF THE 10TH |
Chicago White Sox batting - Pitching for Pittsburgh Pirates : RHP Santiago Suarez
|
Pitching: RHP Wagner Castillo
|
|
Now at 1B: Eddy Nicastro
|
|
Now in LF: Charlie Boyd
|
|
Now in RF: Jose Contreras
|
|
Batting: RHB Jorge Maldonado
|
0-0: Ball 1-0: Called Strike 1-1: Foul Ball, location: 2LF 1-2: Ball 2-2: Ball 3-2: Ground out 6-3 (Groundball, 6, EV 78.1 MPH)
|
Batting: SHB Daniel Susac
|
0-0: Foul Ball, location: 2F 0-1: Fly out, F7 (Flyball, 78D, EV 85.6 MPH)
|
Batting: RHB Vaun Brown
|
0-0: Called Strike 0-1: Called Strike 0-2: Strikes out looking
|
Bottom of the 10th over - 0 runs, 0 hits, 0 errors, 0 left on base; Pittsburgh 6 - Chicago 5 |
|